 Dungeon Crawl Stone Soup version 0.31-a0-232-gb1c03b2570 (webtiles) character file.

Game seed: 10059120292661770517

30 qw the Shooter (level 3, -3/21 HPs)
             Began as a Gargoyle Hexslinger on July 7, 2023.
             Slain by an orc
             ... wielding a +0 flail
              (6 damage)
             ... on level 3 of the Dungeon.
             The game lasted 00:00:21 (1457 turns).

qw the Shooter (Gargoyle Hexslinger)                Turns: 1457, Time: 00:00:22

Health: -3/21      AC:  8    Str: 11    XL:     3   Next: 20%
Magic:  4/4        EV: 10    Int: 13    God:
Gold:   51         SH:  0    Dex: 14    Spells: 3/4 levels left

rFire   . . .        Y - +1 sling
rCold   . . .        (no shield)
rNeg    + . .        e - +0 ring mail
rPois   inf          (no helmet)
rElec   +            (no cloak)
rCorr   .            (no gloves)
SInv    .            (no boots)
Will    .....        (no amulet)
Stlth   +            (no ring)
HPRegen 0.23/turn    (no ring)
MPRegen 0.09/turn

%: no passive effects
@: no status effects
A: sickness immunity, AC +3, negative energy resistance 1, electricity
resistance, torment resistance 1, petrification resistance
a: no special abilities


You were on level 3 of the Dungeon.
You visited 1 branch of the dungeon, and saw 3 of its levels.

You collected 51 gold pieces.


Innate Abilities, Weirdness & Mutations

You are immune to sickness and miasma.
Your stone body is resilient. (AC +3)
You are immune to poison.
You resist negative energy. (rN+)
You are resistant to electric shocks. (rElec)
You are resistant to unholy torment.
You are immune to petrification.


   Skills:
 - Level 2.0 Fighting
 + Level 3.2 Ranged Weapons
 - Level 1.5 Dodging
 - Level 1.0 Spellcasting
 - Level 2.6 Hexes


You had 3 spell levels left.
You knew the following spells:

 Your Spells              Type           Power      Damage    Failure   Level
a - Slow                  Hex            28%        N/A       22%         1

Your spell library contained the following spells:

 Spells                   Type           Power      Damage    Failure   Level
 Inner Flame              Hex/Fire       4%         N/A       75%         3
 Portal Projectile        Hex/Tloc       8%         N/A       75%         3
 Cause Fear               Hex            3%         N/A       92%         4

Inventory:

Hand Weapons
 Y - a +1 sling (weapon)
Armour
 e - a +0 ring mail (worn)
Potions
 b - a potion of magic {unknown}
 d - a potion of ambrosia {unknown}
 i - a potion of heal wounds {unknown}

Dungeon Overview and Level Annotations

Branches:
Dungeon (3/15)

Altars:


Message History

A goblin comes into view. It is wielding a +0 club.
An orc comes into view. It is wielding a +0 flail.
You shoot a sling bullet.
The sling bullet closely misses the orc.
You shoot a sling bullet. You shoot a sling bullet.
The sling bullet hits the orc but does no damage.
Something hits you but does no damage.
You shoot a sling bullet.
The sling bullet completely misses the orc.
Something hits you but does no damage. The orc hits you but does no damage.
You shoot a sling bullet.
The sling bullet hits the orc but does no damage.
The orc hits you from afar with a +0 trident.
Something hits you but does no damage. The orc hits you with a +0 short sword.
The orc barely misses you. Something hits you but does no damage.
You shoot a sling bullet. The sling bullet hits the orc.
The orc is almost dead.
Something hits you.
You shoot a sling bullet. The sling bullet barely misses the orc.
Something hits you but does no damage.
You shoot a sling bullet. The sling bullet barely misses the orc.
The orc closely misses you. The orc hits you with a +0 flail.
The orc hits you from afar with a +0 trident.
Something hits you. The orc hits you with a +0 short sword.
The orc hits you with a +0 flail.
You shoot a sling bullet.
The sling bullet closely misses the orc.
Something hits you but does no damage. The orc hits you but does no damage.
The orc misses you. The orc closely misses you.
You shoot a sling bullet. The sling bullet hits the orc!
You kill the orc!
The orc hits you but does no damage. Something hits you but does no damage.
The orc closely misses you.
A hobgoblin comes into view.
You shoot a sling bullet.
The sling bullet closely misses the orc.
The orc barely misses you. Something hits you but does no damage.
The orc hits you with a +0 flail.
You die...

##########
##.#..<.....#
.........>##.#
.####.#...#
#.#...# #
#..@# #.).o..#
#.#o####
...#g. #####.#
..g ... #..


You could see 2 orcs, a hobgoblin and a goblin.

Vanquished Creatures
  A worm (D:2)
  A dart slug (D:1)
  An orc (D:3)
  6 endoplasms
  A goblin (D:2)
  A hobgoblin (D:1)
  2 jackals (D:1)
  3 kobolds
  A quokka (D:2)
  2 bats
  A frilled lizard (D:1)
  3 rats
23 creatures vanquished.

Notes
Turn   | Place    | Note
-------+----------+-------------------------------------------
     0 | D:1      | qw the Gargoyle Hexslinger began the quest for the Orb.
     0 | D:1      | Reached XP level 1. HP: 12/12 MP: 2/2
     0 | D:1      | 0 ||| qw: Version: 0.3-a-46-gb1f654a
     0 | D:1      | 0 ||| qw: Game counter: 2374
     0 | D:1      | 0 ||| qw: Melee chars always use a shield: true
     0 | D:1      | 0 ||| qw: God list: Okawaru
     0 | D:1      | 0 ||| qw: Allow faded altars: false
     0 | D:1      | 0 ||| qw: Do Orc after clearing Dungeon:15 true
     0 | D:1      | 0 ||| qw: Do second Lair branch before Depths: true
     0 | D:1      | 0 ||| qw: Lair rune preference: random
     0 | D:1      | 0 ||| qw: Goals: Normal
     0 | D:1      | 0 ||| PLANNING D:1-11
   280 | D:1      | Reached XP level 2. HP: 16/16 MP: 3/3
   538 | D:1      | Reached skill level 3 in Ranged Weapons
   719 | D:1      | 719 ||| DROPPING ring of wizardry.
   720 | D:1      | 720 ||| READING scroll labelled WUICUT VAJU.
   821 | D:1      | 821 ||| READING scroll labelled NILLUJ VENI.
   822 | D:1      | 822 ||| READING scroll labelled LEALUO USOKYL.
   823 | D:1      | 823 ||| READING scroll labelled VOOPNYTW AMNO.
   826 | D:1      | 826 ||| DROPPING scroll of poison.
  1127 | D:2      | Reached XP level 3. HP: 21/21 MP: 4/4
  1367 | D:2      | 1367 ||| UPGRADING to +0 leather armour.
  1377 | D:2      | 1377 ||| DROPPING +0 robe.
  1378 | D:2      | 1378 ||| UPGRADING to +0 ring mail.
  1388 | D:2      | 1388 ||| DROPPING +0 leather armour.
  1454 | D:3      | HP: 4/21 [orc/+0 short sword (2)]
  1457 | D:3      | Slain by an orc

Levels and vault maps discovered:
D:1:      evilmike_arrival_hilbert_curve, layout_loops_ring
D:2:      layout_loops_cross
D:3:      cheibrodos_pilgrimage, layout_basic, nicolae_wu_jian_wuxing_cycle

Skill      XL: |  1  2 |
---------------+-------+-----
Ranged Weapons | 3 |  3.2
Fighting       | 2 |  2.0
Dodging        | |  1.5
Spellcasting   | |  1.0
Hexes          | |  2.6

Action                     || total
---------------------------++-------
   Fire: Sling             ||    66
    Use: Scroll            ||     4
 Armour: Robe              ||     5
         Ring mail         ||    12
  Dodge: Dodged            ||    10

Table legend:
 A = Non-vault XP
 B = Vault XP
 C = Vault XP percentage of total XP
 D = Non-vault monster count
 E = Vault monster count
 F = Vault count percentage of total count
                 A         B        C        D         E       F
            +---------+---------+-------+---------+---------+-------
      Total |      44 |       0 |   0.0 |      23 |       0 |   0.0
            +---------+---------+-------+---------+---------+-------
        D:1 |      21 |       0 |   0.0 |      11 |       0 |   0.0
        D:2 |      19 |       0 |   0.0 |      10 |       0 |   0.0
        D:3 |       4 |       0 |   0.0 |       2 |       0 |   0.0
            +---------+---------+-------+---------+---------+-------
